 Dungeon Crawl Stone Soup version 0.20-a0-709-gd40821f (webtiles) character file.

15995 nono the Fighter (level 12, -6/82 HPs)
             Began as a Kobold Assassin on Feb 21, 2017.
             Was an Elder of Ieoh Jian.
             Mangled by an ice devil (15 damage)
             ... on level 2 of the Lair of Beasts.
             The game lasted 00:46:06 (13404 turns).

nono the Fighter (Kobold Assassin)                 Turns: 13404, Time: 00:46:07

Health: -6/82      AC: 16    Str:  8    XL:     12   Next: 64%
Magic:  12/12      EV: 19    Int: 15    God:    Ieoh Jian [****..]
Gold:   353        SH:  7    Dex: 24    Spells: 11/11 levels left

rFire    . . .     SeeInvis .   N - +8 war axe "Acwewuv" {chop, rN+ Dex+2}
rCold    . . .     Gourm    .   D - +3 ring mail {MR+}
rNeg     + . .     Faith    .   h - +0 buckler
rPois    .         Spirit   .   A - +2 helmet
rElec    .         Reflect  .   d - +0 cloak
rCorr    .         Harm     .   j - +2 pair of gloves
MR       ++...                  (no boots)
Stlth    +++.......             (no amulet)
Regen    0.3/turn               V - +3 ring of dexterity
MPRegen  0.2/turn               W - ring of protection from magic

@: no status effects
A: carnivore 3
a: Serpent's Lash, Renounce Religion


You were on level 2 of the Lair of Beasts.
You worshipped Ieoh Jian.
Ieoh Jian was greatly pleased with you.
You were full.

You visited 3 branches of the dungeon, and saw 13 of its levels.
You also visited: Sewer.

You collected 353 gold pieces.

Inventory:

Hand Weapons
 a - a +2 dagger
 b - a +0 blowgun
 i - a +0 dagger of protection
 r - a +1 short sword of draining
 M - a +1 whip of flaming
 N - the +8 war axe "Acwewuv" (weapon) {chop, rN+ Dex+2}
   (You found it on level 8 of the Dungeon)

   It inflicts extra damage upon your enemies.
   It affects your dexterity (+2).
   It protects you from negative energy.
 Q - a +0 dagger of distortion
Missiles
 e - 29 poisoned needles
Armour
 c - a +0 robe
 d - a +0 cloak (worn)
 h - a +0 buckler (worn)
 j - a +2 pair of gloves (worn)
 n - a +0 leather armour
 A - a +2 helmet (worn)
 D - a +3 ring mail of magic resistance (worn)
 U - the +1 leather armour of Okawaru's Approval {*Slow MR++ Str+3}
   (You found it on level 10 of the Dungeon)

   It affects your strength (+3).
   It affects your resistance to hostile enchantments.
   It may slow you when you take damage.
Jewellery
 K - an uncursed ring of resist corrosion
 V - a +3 ring of dexterity (right hand)
 W - a ring of protection from magic (left hand)
Wands
 f - a wand of polymorph (21/24)
 v - a wand of polymorph (12/24)
 R - a wand of digging (15/24)
 X - a wand of paralysis (14/24)
Scrolls
 k - 4 scrolls of remove curse
 l - a scroll of enchant weapon {unknown}
 m - 4 scrolls of immolation
 o - a scroll of teleportation
 w - 2 scrolls of recharging
 z - 5 scrolls of enchant armour
 B - a scroll of fog {unknown}
 G - a scroll of noise {unknown}
 J - 2 scrolls of amnesia {unknown}
 L - a scroll of fear
 O - a scroll of torment {unknown}
 P - a scroll of summoning {unknown}
 T - a scroll of silence {unknown}
Potions
 p - 2 potions of heal wounds
 q - 3 potions of haste
 t - a potion of berserk rage
 u - a potion of lignification
 x - a potion of cancellation
 C - 9 potions of curing
 E - 3 potions of mutation
 F - 2 potions of brilliance
 H - 4 potions of flight
 I - a potion of might
Books
 S - a book of Changes

   Spells                             Type                      Level
   a - Beastly Appendage              Transmutation                1
   b - Sticks to Snakes               Transmutation                2
   c - Spider Form                    Transmutation/Poison         3
   d - Ice Form                       Ice/Transmutation            4
   e - Blade Hands                    Transmutation                5
Comestibles
 g - 7 meat rations
 s - 4 royal jellies


   Skills:
 - Level 12.8 Fighting
 - Level 9.7 Short Blades
 - Level 8.8 Maces & Flails
 - Level 2.1 Throwing
 - Level 4.2 Armour
 + Level 8.1 Dodging
 - Level 5.3 Stealth
 + Level 5.1 Shields


You had 11 spell levels left.
You didn't know any spells.

Dungeon Overview and Level Annotations

Branches:
Dungeon (10/15)            Temple (1/1) D:4            Lair (2/6) D:10
    Orc (0/2) D:9
  Swamp: Lair:2-4    Shoals: Lair:2-4     Snake: Lair:2-4    Spider: Lair:2-4

Altars:
Ashenzari
Cheibriados
Dithmenos
Elyvilon
Fedhas
Gozag
Hepliaklqana Ieoh Jian
Kikubaaqudgha
Makhleb
Nemelex Xobeh
Okawaru
Qazlal
Ru
Sif Muna
Trog
Uskayaw
Vehumet
Xom
Yredelemnul
Zin
The Shining One

Shops:
D:6 }   D:8 [

Annotations:
D:3 KristoblXynda's ghost, amateur SpAr
D:6 nono's ghost, novice KoAs
D:10 Harold


Innate Abilities, Weirdness & Mutations

You are small and have problems with some larger weapons.
You are carnivorous and can eat meat at any time.


Message History

You see here a wolf corpse.
You spin and attack the ice devil.
You hit the ice devil but do no damage.
The ice devil is moderately wounded.
You block the ice devil's attack.
You spin and attack the ice devil.
You slash the ice devil!
The ice devil is heavily wounded.
You block the ice devil's attack.
You spin to attack the ice devil, but your attack speed is too slow for a blow to land.
The ice devil closely misses you.
You spin and attack the ice devil.
You hit the ice devil but do no damage.
The ice devil is heavily wounded.
The ice devil hits you. The ice devil freezes you!
* * * LOW HITPOINT WARNING * * *
You see here a wolf corpse.
You spin and attack the ice devil.
You closely miss the ice devil.
The ice devil is heavily wounded.
The ice devil hits you.
* * * LOW HITPOINT WARNING * * *
The ice devil freezes you!
You die...

# ##P4...h.... 8..h(.
...##<..h...# ......
...##......## .....
....#......## %... .
............# .8. .
..P.......## .% .
....#....>..#
##.###......# .
###.#.#P...@..####.♣ .
........).†4...#P#.#. .
.............†>.......
..........................
..>.............†.........
..........................
.......#.##.#.............
......##.###.......##.#..#
##....#..........###
#.####...


You could see an ice devil and a wolf (wandering).

Vanquished Creatures
  3 two-headed ogres (D:8)
  Pikel (D:7)
  A black mamba (Lair:2)
  4 spiny frogs
  2 komodo dragons (Lair:1)
  A hornet (D:9)
  Prince Ribbit (D:6)
  3 hippogriffs
  A spriggan (D:7)
  15 yaks
  A basilisk (D:10)
  A hungry ghost (D:9)
  A steam dragon (D:9)
  3 wargs (D:9)
  7 porcupines
  6 orc warriors
  2 sky beasts
  A necrophage (D:10)
  3 ice beasts
  A phantom (D:9)
  A black bear (D:7)
  A boggart (D:8)
  2 ogres (D:8)
  19 wolves (Lair:2)
  4 centaurs
  6 crocodiles
  11 bullfrogs
  A gnoll sergeant (D:8)
  6 scorpions
  4 killer bees (D:8)
  3 howler monkeys
  An electric eel (Lair:2)
  2 centaur zombies
  3 crimson imps
  3 hounds
  A jelly (D:5)
  A bullfrog skeleton (D:7)
  A bullfrog zombie (D:7)
  7 orc priests
  A quasit (D:9)
  2 centaur skeletons
  6 orc wizards
  7 iguanas
  6 worker ants
  A killer bee zombie (D:7)
  2 hound zombies
  A worker ant zombie (D:7)
  3 gnolls (D:8)
  12 adders
  5 river rats (Sewer)
  A shadow imp (D:10)
  An ooze (D:2)
  5 worms
  2 dart slugs
  5 leopard geckos
  41 orcs
  6 ball pythons
  10 bats
  4 giant cockroaches
  7 goblins
  7 hobgoblins
  30 kobolds
  3 quokkas
  2 frilled lizards
  2 quokka skeletons
  24 rats
  A plant (D:10)
332 creatures vanquished.

Vanquished Creatures (others)
  A shadow imp (D:7)
  7 fungi (Lair:2)
  2 plants (Lair:2)
10 creatures vanquished.

Grand Total: 342 creatures vanquished

Notes
Turn   | Place    | Note
-------+----------+-------------------------------------------
     0 | D:1      | nono the Kobold Assassin began the quest for the Orb.
     0 | D:1      | Reached XP level 1. HP: 12/12 MP: 1/1
   384 | D:1      | Reached XP level 2. HP: 17/17 MP: 2/2
   848 | D:1      | Reached skill level 1 in Shields
   848 | D:1      | Reached XP level 3. HP: 21/21 MP: 3/3
  1368 | D:2      | Reached XP level 4. HP: 26/26 MP: 4/4
  2030 | D:3      | Found a snail-covered altar of Cheibriados.
  2050 | D:3      | Noticed KristoblXynda's ghost (amateur SpAr)
  2353 | D:3      | Reached XP level 5. HP: 30/30 MP: 5/5
  2914 | D:3      | Reached XP level 6. HP: 36/36 MP: 6/6
  3039 | D:4      | Reached skill level 3 in Fighting
  3057 | D:4      | Found a staircase to the Ecumenical Temple.
  3071 | Temple   | Entered the Ecumenical Temple
  3432 | D:4      | Reached XP level 7. HP: 37/42 MP: 7/7
  3458 | D:4      | Found a shadowy altar of Dithmenos.
  3466 | D:4      | Found an iron altar of Okawaru.
  3467 | D:4      | Found a sacrificial altar of Ru.
  3470 | D:4      | Found a burning altar of Makhleb.
  3536 | D:4      | Found a hide-covered altar of Uskayaw.
  3585 | D:4      | Reached skill level 4 in Fighting
  3697 | D:4      | Found a glowing golden altar of the Shining One.
  3793 | D:5      | Entered Level 5 of the Dungeon
  3818 | D:5      | Reached skill level 5 in Short Blades
  3834 | D:5      | Found a hazy altar of Hepliaklqana.
  3983 | D:5      | Found an ornate altar of the Ieoh Jian Council.
  3984 | D:5      | Found a blossoming altar of Fedhas.
  3993 | D:5      | Became a worshipper of the Ieoh Jian Council
  4106 | D:5      | Found a glowing drain.
  4111 | Sewer    | Entered a sewer
  4270 | Sewer    | Reached * piety under Ieoh Jian
  4804 | D:5      | Reached skill level 5 in Fighting
  4814 | D:5      | Reached ** piety under Ieoh Jian
  4814 | D:5      | Reached XP level 8. HP: 49/49 MP: 8/8
  5115 | D:6      | Reached skill level 6 in Fighting
  5158 | D:6      | Found a blossoming altar of Fedhas.
  5284 | D:6      | Noticed Prince Ribbit
  5296 | D:6      | Killed Prince Ribbit
  5485 | D:6      | Noticed nono's ghost (novice KoAs)
  5498 | D:6      | Found Tejiudob's Gadget Shoppe.
  5702 | D:7      | Reached XP level 9. HP: 50/55 MP: 9/9
  5979 | D:7      | Reached skill level 7 in Fighting
  6123 | D:7      | Noticed Pikel
  6147 | D:7      | Killed Pikel
  6313 | D:8      | Got a crude war axe
  6314 | D:8      | Identified the +8 war axe "Acwewuv" {chop, rN+ Dex+2} (You found it on level 8 of the Dungeon)
  6677 | D:8      | Reached skill level 8 in Fighting
  6812 | D:8      | Reached skill level 1 in Maces & Flails
  6996 | D:8      | Reached XP level 10. HP: 48/65 MP: 10/10
  7019 | D:8      | Noticed a two-headed ogre
  7066 | D:8      | Killed a two-headed ogre
  7066 | D:8      | Reached skill level 9 in Fighting
  7435 | D:8      | Noticed a two-headed ogre
  7456 | D:8      | Killed a two-headed ogre
  7563 | D:8      | Found Wejiynat's Armour Boutique.
  7646 | D:8      | Reached skill level 10 in Fighting
  7651 | D:8      | Reached *** piety under Ieoh Jian
  7862 | D:8      | Reached skill level 5 in Maces & Flails
  7883 | D:8      | Noticed a two-headed ogre
  7918 | D:8      | Killed a two-headed ogre
  8329 | D:9      | Reached XP level 11. HP: 73/73 MP: 11/11
  8382 | D:9      | Reached skill level 11 in Fighting
  8510 | D:9      | Found a snail-covered altar of Cheibriados.
  9287 | D:9      | Found a staircase to the Orcish Mines.
  9397 | D:9      | Reached **** piety under Ieoh Jian
  9613 | D:9      | Reached skill level 12 in Fighting
  9718 | D:10     | Entered Level 10 of the Dungeon
  9722 | D:10     | Found a staircase to the Lair.
 10401 | D:10     | Got a slimy leather armour
 10412 | D:10     | Identified the +1 leather armour of Okawaru's Approval {*Slow MR++ Str+3} (You found it on level 10 of the Dungeon)
 10449 | D:10     | Reached XP level 12. HP: 68/82 MP: 12/12
 10751 | D:10     | Noticed Harold
 10795 | Lair:1   | Entered Level 1 of the Lair of Beasts
 11109 | Lair:1   | Reached skill level 5 in Dodging
 11999 | Lair:2   | HP: 4/82 [ice devil (19)]
 12001 | Lair:2   | Noticed a six-headed hydra
 12624 | Lair:1   | Noticed a seven-headed hydra
 13379 | Lair:2   | Reached skill level 5 in Shields
 13404 | Lair:2   | Mangled by an ice devil

Vault maps used:
D:1:      minmay_arrival_nine_rooms, minmay_split_cup_small
D:2:      eino_tiny_chamber
D:3:      grunt_ministairs_10, cheibriados_altar_1
D:4:      minitemple, nicolae_tso_carved_into_rock, kennysheep_mini,
          minmay_temple_entry_grid, first_bread
D:5:      kennysheep_mini_moat, chequers_temple_overflow_statue_of_worship,
          portal_sewer_entry_e
D:6:      serial_shops, nicolae_shop_behind_doors, basic_altar,
          uniq_prince_ribbit1
D:7:      the_bakery, uniq_pikel
D:8:      serial_shops, shop_statue, item_on_display_b
D:9:      lemuel_doored_altar, minmay_orc_entry_guard_dogs,
          minmay_misc_feat_doors, minmay_joined_circles
D:10:     minmay_lair_entry_grove, solitary_fountain, lemuel_tele_altar,
          uniq_harold
Temple:   minmay_temple_bridge_abc
Lair:1:   portal_ice_cave_demonic_guard, beast_lair_carwin_6
Lair:2:   grunt_forest_large_clearings, serial_bayou_shore_b,
          serial_bayou_shore_a
Sewer:    sewer_minmay_treatment

Skill      XL: |  1  2  3  4  5  6  7  8  9 10 11 12 |
---------------+-------------------------------------+-----
Dodging        | 2 3 4 8 |  8.1
Shields        | 1 2 5 |  5.1
Short Blades   | 3 4 6 7 9 |  9.7
Fighting       | 3 5 6 8 10 12 | 12.8
Armour         | 3 4 |  4.2
Maces & Flails | 2 5 8 |  8.8
Throwing       | |  2.1
Stealth        | |  5.3

Action                   |  1- 3 |  4- 6 |  7- 9 | 10-12 || total
-------------------------+-------+-------+-------+-------++-------
Melee: Dagger            |   109 |    99 |       |       ||   208
       Short sword       |       |    58 |   454 |   118 ||   630
       War axe           |       |       |    29 |   614 ||   643
 Fire: Blowgun           |    13 |     9 |     1 |    15 ||    38
Invok: Serpent's Lash    |       |       |       |     1 ||     1
Evoke: Wand              |       |       |     2 |     1 ||     3
  Use: Scroll            |       |     1 |     3 |    17 ||    21
       Potion            |       |       |     1 |     5 ||     6
 Stab: Sleeping          |     5 |    12 |    10 |    10 ||    37
       Distracted        |       |       |       |     1 ||     1
       Invisible         |       |       |       |     1 ||     1
  Eat: Chunk             |     5 |    11 |     6 |    26 ||    48
       Royal jelly       |       |       |     1 |       ||     1
Armor: Robe              |    25 |       |       |       ||    25
       Leather armour    |       |    45 |     5 |       ||    50
       Ring mail         |       |       |   105 |   242 ||   347
Dodge: Dodged            |    60 |   111 |   190 |   472 ||   833
Block: Buckler           |    12 |    38 |    84 |   257 ||   391
